 Dungeon Crawl Stone Soup version 0.32-a0-876-gcfddb08e57 (webtiles) character file.

Game seed: 3010975915046619409

692 Chadd the Shooter (level 7, -1/55 HPs)
             Began as a Coglin Hunter on Mar 31, 2024.
             Was an Initiate of Beogh.
             Slain by a two-headed ogre
             ... wielding a +0 giant spiked club
              (17 damage)
             ... on level 6 of the Dungeon.
             The game lasted 00:11:17 (4165 turns).

Chadd the Shooter (Coglin Hunter)                   Turns: 4165, Time: 00:11:17

Health: -1/55      AC:  5    Str: 11    XL:     7   Next: 63%
Magic:  7/7        EV: 11    Int:  9    God:    Beogh [......]
Gold:   308        SH:  0    Dex: 19    Spells: 6/6 levels left

rFire   . . .        a - +2 sling {Gunther}
rCold   . . .        d - +0 sling {Aylmer}
rNeg    . . .        k - +0 ring mail
rPois   .            (no helmet)
rElec   .            (no cloak)
rCorr   .            (no gloves)
SInv    .            (no boots)
Will    .....        (amulet unavailable)
Stlth   ++           (ring unavailable)
HPRegen 0.29/turn    (ring unavailable)
MPRegen 0.10/turn    (no gizmo)

%: no passive effects
@: revving
A: off-hand wielding, slow wielding, warmup strikes, no jewellery
a: Invent Gizmo, Renounce Religion


You were on level 6 of the Dungeon.
You worshipped Beogh.
Beogh was noncommittal.
You visited 1 branch of the dungeon, and saw 6 of its levels.

You collected 308 gold pieces.

Inventory:

Hand Weapons
 a - a +2 sling (weapon) {Gunther}
 d - a +0 sling (offhand) {Aylmer}
Missiles
 u - 14 poisoned darts
 x - 2 datura-tipped darts
Armour
 c - a +0 leather armour
 h - a +0 scale mail
 k - a +0 ring mail (worn)
 v - the +0 robe of Daffodils {rElec Int+3}
   (You found it on level 3 of the Dungeon)

   Int+3:     It affects your intelligence (+3).
   rElec:     It insulates you from electricity.
Wands
 z - a wand of flame (16)
Scrolls
 j - a scroll of blinking {unknown}
 l - 2 scrolls of enchant armour {unknown}
 m - a scroll of amnesia {unknown}
 n - a scroll of enchant weapon {unknown}
 r - a scroll of noise {unknown}
 s - a scroll of poison {unknown}
 t - 2 scrolls of identify {unknown}
 y - a scroll of vulnerability {unknown}
Potions
 e - 2 potions of ambrosia {unknown}
 f - a potion of enlightenment {unknown}
 g - 2 potions of might {unknown}
 i - 4 potions of curing {unknown}
 o - a potion of lignification {unknown}
 p - 2 potions of brilliance {unknown}
 q - 3 potions of degeneration {unknown}
 w - 2 potions of heal wounds {unknown}
 A - 2 potions of attraction {unknown}
 B - 2 potions of mutation {unknown}


   Skills:
 + Level 4.4 Fighting
 + Level 5.1 Ranged Weapons
 + Level 4.0 Dodging
 + Level 3.6 Stealth


You had 6 spell levels left.
You didn't know any spells.
Your spell library contained the following spells:

 Spells                   Type           Power      Damage    Failure   Level
 Magic Dart               Conj           0%         1d3       69%         1
 Searing Ray              Conj           0%         2d4       83%         2
 Inner Flame              Hex/Fire       0%         N/A       96%         3
 Fulminant Prism          Conj/Alch      0%         3d5       100%        4
 Irradiate                Conj/Alch      0%         3d11      100%        5
 Ignition                 Fire           0%         3d3       100%        8


Dungeon Overview and Level Annotations

Branches:
Dungeon (6/15)             Temple (0/1) D:4

Altars:
Cheibriados
Dithmenos
Nemelex Xobeh
Okawaru

Shops:
D:4 **!=*


Innate Abilities, Weirdness & Mutations

You can wield a second weapon in your off-hand.
It takes a long time for you to wield or remove held weapons.
Your first few attacks do less damage.
You cannot equip rings or amulets.


Message History

You shoot a sling bullet.
The sling bullet hits the two-headed ogre but does no damage.
You shoot a sling bullet.
The sling bullet hits the two-headed ogre.
The two-headed ogre is lightly wounded.
An adder comes into view.
Fire: a) +2 sling {Gunther}
Press: ? - help, Q - select action, (/) - cycle Shift-Dir - straight line, f/p - two-headed ogre
Aim: a two-headed ogre, wielding a +0 giant spiked club and a +0 giant club (lightly wounded, poisoned, 78% to hit)
You shoot a sling bullet.
The sling bullet hits the two-headed ogre.
The two-headed ogre is moderately wounded.
You shoot a sling bullet.
The sling bullet hits the two-headed ogre.
The two-headed ogre is moderately wounded.
The two-headed ogre looks more healthy.
The two-headed ogre hits you with a +0 giant spiked club!
The two-headed ogre barely misses you.
Fire: a) +2 sling {Gunther}
Press: ? - help, Q - select action, (/) - cycle Shift-Dir - straight line, f/p - two-headed ogre
Aim: a two-headed ogre, wielding a +0 giant spiked club and a +0 giant club (heavily wounded, 78% to hit)
You shoot a sling bullet.
The sling bullet barely misses the two-headed ogre.
You shoot a sling bullet.
The sling bullet hits the two-headed ogre.
The two-headed ogre is heavily wounded.
Fire: a) +2 sling {Gunther}
Press: ? - help, Q - select action, (/) - cycle Shift-Dir - straight line, f/p - two-headed ogre
Aim: a two-headed ogre, wielding a +0 giant spiked club and a +0 giant club (heavily wounded, 78% to hit)
You shoot a sling bullet.
The sling bullet hits the two-headed ogre but does no damage.
The two-headed ogre is heavily wounded.
You shoot a sling bullet.
The sling bullet barely misses the two-headed ogre.
The adder bites you.
The two-headed ogre hits you with a +0 giant spiked club!!
Ouch! That really hurt!
* * * LOW HITPOINT WARNING * * *
The two-headed ogre hits you with a +0 giant club!
You die...

.# ##.## #.
###<##
#.####...#
#.#....##
##......#
#...#...#
##...##....#
#....####...#
#..@## #....
##.SO# #...
#....# #..
##....#
##....##
######......#
#...........##
###.#####....##
( #
###...##..(#


You could see a two-headed ogre and an adder.

Vanquished Creatures
  A bullfrog (D:5)
  3 scorpions (D:5)
  3 wights
  2 bombardier beetles (D:5)
  A hound (D:5)
  An iguana (D:5)
  An orc wizard (D:5)
  3 adders
  4 gnolls (D:2)
  2 dart slugs (D:2)
  2 ribbon worms
  8 orcs
  5 endoplasms
  2 giant cockroaches
  10 hobgoblins
  4 jackals (D:4)
  4 kobolds (D:1)
  9 ball pythons
  6 bats
  4 frilled lizards
  6 goblins
  3 rats
84 creatures vanquished.

Notes
Turn   | Place    | Note
-------+----------+-------------------------------------------
     0 | D:1      | Chadd the Coglin Hunter began the quest for the Orb.
     0 | D:1      | Reached XP level 1. HP: 16/16 MP: 1/1
    78 | D:1      | Reached skill level 1 in Stealth
    98 | D:1      | Reached XP level 2. HP: 22/22 MP: 2/2
   312 | D:1      | Reached XP level 3. HP: 28/28 MP: 3/3
   787 | D:2      | Reached skill level 4 in Ranged Weapons
   787 | D:2      | Reached XP level 4. HP: 34/34 MP: 4/4
  1588 | D:3      | Identified the +0 robe of Daffodils {rElec Int+3}
  1742 | D:3      | Found a shadowy altar of Dithmenos.
  1831 | D:3      | Reached XP level 5. HP: 41/41 MP: 5/5
  2005 | D:4      | Found Inaassot's Assorted Antiques.
  2031 | D:4      | Found Umouwn's General Store.
  2067 | D:4      | Found Secunad's Distillery.
  2101 | D:4      | Found Yvaxedem's Assorted Antiques.
  2122 | D:4      | Found Hedil's Jewellery Boutique.
  2159 | D:4      | Found a staircase to the Ecumenical Temple.
  2191 | D:4      | Became a worshipper of Beogh the Shepherd
  2369 | D:4      | You fall into a shaft and drop 1 floor!
  2369 | D:5      | Entered Level 5 of the Dungeon
  2421 | D:5      | Reached XP level 6. HP: 32/47 MP: 6/6
  2504 | D:5      | Found an iron altar of Okawaru.
  2833 | D:5      | Found a snail-covered altar of Cheibriados.
  2963 | D:5      | Found a sparkling altar of Nemelex Xobeh.
  3369 | D:5      | Noticed a water moccasin
  3764 | D:6      | Reached XP level 7. HP: 36/54 MP: 7/7
  3832 | D:5      | Reached skill level 5 in Ranged Weapons
  4150 | D:6      | Noticed a two-headed ogre
  4165 | D:6      | Slain by a two-headed ogre

Illustrated notes

Levels and vault maps discovered:
D:1:      spicycebolla_green_bress_n_ham_2, layout_loops_ring,
          dk_noncrumbling_4, minmay_tromino_v2
D:2:      layout_basic, grunt_ministairs_6
D:3:      layout_rooms, nicolae_dithmenos_the_darkroom
D:4:      layout_rooms, minmay_temple_entry_statues_fountains, serial_shops,
          nicolae_shop_hallway_plus, nicolae_diamond_shop, shop, shop, shop
D:5:      layout_gridville, kennysheep_okawaru_gauntlet, kennysheep_mini,
          marbit_many_paths, roderic_three_in_a_row, bh_walls_and_bars
D:6:      layout_layer_cave, nicolae_overflow_two_pavilions

Skill      XL: |  1  2  3  4  5  6  7 |
---------------+----------------------+-----
Stealth        | 1 2 3 |  3.6
Dodging        | 2 3 4 |  4.0
Ranged Weapons | 4 5 |  5.1
Fighting       | 3 4 |  4.4

Action                     |  1- 3 |  4- 6 |  7- 9 || total
---------------------------+-------+-------+-------++-------
   Fire: Sling             |   124 |   318 |    34 ||   476
  Throw: Dart              |       |       |     2 ||     2
 Invoke: Convert to Beogh  |       |     1 |       ||     1
  Evoke: Wand              |       |       |     3 ||     3
    Use: Scroll            |       |     2 |       ||     2
 Armour: Scale mail        |     2 |       |       ||     2
         Ring mail         |     1 |    34 |    15 ||    50
  Dodge: Dodged            |     6 |    26 |    10 ||    42

Table legend: (Time is in decaauts)
 A = Elapsed time spent in this place.
 B = Non-inter-level travel time spent in this place.
 C = Inter-level travel time spent in this place.
 D = Time resting spent in this place.
 E = Time spent auto-exploring this place.
 F = Levels seen in this place.
 G = Mean time per level.
                   A        B        C        D        E       F      G
               +--------+--------+--------+--------+--------+-----+--------+
         Total |   4248 |   3680 |    568 |    395 |   2655 |   6 |  708.0 |
       Dungeon |   4248 |   3680 |    568 |    395 |   2655 |   6 |  708.0 |
               +--------+--------+--------+--------+--------+-----+--------+

Top non-repeatable levels by time:
     D:5: 1578 daAuts
     D:2: 946 daAuts
     D:1: 650 daAuts
     D:4: 553 daAuts
     D:3: 412 daAuts
     D:6: 107 daAuts
